Construct Infanterie Kompanie
Selects Italian Coastal Battlegroup
Infanterie Officer Quarters
Construct Panzergrenadier Kompanie
Pak 40 Anti-tank Gun Team
Panzergrenadier Officer Quarters
Selects Rapid Fortifications
Construct Panzer Kompanie
Construct Panzer Kompanie
Selects Artillery Officer
Selects Obice da 210/22 Artillery Emplacement